 Dungeon Crawl Stone Soup version 0.19.5 (webtiles) character file.

1164 greprep the Thaumaturge (level 8, -4/43 HPs)
             Began as a Deep Elf Wizard on May 7, 2017.
             Killed by divine providence
             ... invoked by an orc priest
              (13 damage)
             ... on level 6 of the Dungeon.
             The game lasted 00:39:45 (7184 turns).

greprep the Thaumaturge (Deep Elf Wizard)           Turns: 7184, Time: 00:39:46

Health: -4/43      AC:  5    Str:  4    XL:     8   Next: 17%
Magic:  9/22       EV: 14    Int: 26    God:
Gold:   262        SH:  0    Dex: 13    Spells: 6 memorised, 11 levels left

rFire  . . .     SeeInvis .     y - +3 short sword (venom)
rCold  . . .     Gourm    .     a - +0 robe
rNeg   . . .     Faith    .     (no shield)
rPois  .         Spirit   .     E - +0 helmet
rElec  .         Reflect  .     (no cloak)
rCorr  .         Harm     .     (no gloves)
MR     .....                    e - +0 pair of boots
Stlth  ++........               (no amulet)
                                (no ring)
                                q - +1 ring of protection

@: very slightly contaminated
A: no striking features
a: no special abilities


You were on level 6 of the Dungeon.
You were not hungry.

You visited 1 branch of the dungeon, and saw 6 of its levels.

You collected 262 gold pieces.

Inventory:

Hand Weapons
 x - a +1 dagger of draining
 y - a +3 short sword of venom (weapon)
 z - a +1 shortbow of flaming
 F - a +2 dagger of pain
 J - a +2 vampiric dagger
Missiles
 p - 114 arrows
Armour
 a - a +0 robe (worn)
 b - a +0 hat
 e - a +0 pair of boots (worn)
 E - a +0 helmet (worn)
Jewellery
 q - a +1 ring of protection (left hand)
Scrolls
 h - a scroll of enchant weapon {unknown}
 i - 4 scrolls of enchant armour {unknown}
 j - a scroll of immolation {unknown}
 l - a scroll of remove curse {unknown}
 n - a scroll of random uselessness {unknown}
 o - a scroll of teleportation {unknown}
 t - a scroll of blinking {unknown}
 v - 3 scrolls of magic mapping {unknown}
 w - 2 scrolls of amnesia {unknown}
 D - a scroll of noise {unknown}
Potions
 d - a potion of mutation
 f - a potion of resistance
 g - a potion of agility
 k - a potion of cure mutation
 r - a potion of magic
 u - 2 potions of brilliance
 A - 2 potions of might {unknown}
 G - a potion of flight {unknown}
 H - a potion of ambrosia {unknown}
Books
 c - a book of Minor Magic

   Spells                             Type                      Level
   a - Magic Dart                     Conjuration                  1
   b - Blink                          Translocation                2
   c - Call Imp                       Summoning                    2
   d - Repel Missiles                 Charms/Air                   2
   e - Slow                           Hexes                        2
   f - Conjure Flame                  Conjuration/Fire             3
   g - Mephitic Cloud                 Conjuration/Poison/Air       3
Comestibles
 B - a beef jerky
 C - 5 fruits
 I - 2 bread rations


   Skills:
 + Level 1.2 Fighting
 * Level 2.2 Short Blades
 - Level 4.0 Bows
 + Level 4.0 Dodging
 + Level 3.1 Stealth
 + Level 8.8 Spellcasting
 + Level 2.2 Conjurations
 + Level 0.8 Charms
 + Level 4.4 Summonings
 + Level 1.4 Translocations
 + Level 0.6 Air Magic
 + Level 0.4 Poison Magic


You had 11 spell levels left.
You knew the following spells:

 Your Spells              Type           Power        Failure   Level  Hunger
a - Magic Dart            Conj           ###.         2%          1    None
b - Blink                 Tloc           N/A          4%          2    None
c - Mephitic Cloud        Conj/Pois/Air  ###.....     12%         3    None
d - Call Imp              Summ           ####....     1%          2    None
e - Conjure Flame         Conj/Fire      ###.....     12%         3    None
f - Repel Missiles        Chrm/Air       ###...       10%         2    None


Dungeon Overview and Level Annotations

Branches:
Dungeon (6/15)
 Temple: D:4-7

Altars:
Ashenzari
Kikubaaqudgha
Okawaru
Vehumet

Annotations:
D:6 exclusion: oklob plant


Message History

Your crimson imp blinks!
Your crimson imp hits the centaur but does no damage.
An orc priest comes into view. It is wielding a flail.
Your crimson imp blinks!
An adder comes into view.
The adder hisses angrily.
The orc priest calls down the wrath of Beogh upon you.
Beogh smites you!
* * * LOW HITPOINT WARNING * * *
An orc comes into view. It is wielding a dagger.
You feel better.
Your crimson imp hits the phantom.
The phantom blinks!
Your crimson imp misses the phantom.
Your crimson imp hits the centaur.
The centaur barely misses your crimson imp.
There is a stone staircase leading down here.
Your crimson imp misses the phantom.
Your crimson imp barely misses the phantom.
The adder barely misses you. The phantom hits your crimson imp.
The orc priest invokes the aid of Beogh against you.
Beogh smites you!
You die...

#. #.# #.# #.# #.# #.###
# #.# ##.#####c... . #.
#.# #..(.c..(#
..##.####.###c.#####<###
.......#...#(.((.(((...!
...........5W5.####.####
..#...o#....5..# #.#
#..o..S@..§....# #.#
#.#...........## #.#
##.####.#..## ##.## #
...#..# ##..5## #####..#
#.....# #..# #..††.#
#..# #.....# ##...##
#.###


You could see a phantom, a centaur (confused), an orc priest, an adder, an orc
and 3 friendly crimson imps.

Vanquished Creatures
  Pikel (D:5)
  Edmund (D:5)
  A bullfrog (D:6)
  2 bullfrog zombies (D:4)
  An orc priest (D:5)
  2 iguanas
  5 worker ants (D:5)
  An orc wizard (D:5)
  2 hound skeletons (D:5)
  A howler monkey skeleton (D:5)
  3 gnolls
  4 adders
  A shadow imp (D:5)
  An adder skeleton (D:5)
  A worm (D:3)
  3 dart slugs
  3 leopard geckos
  4 orcs
  6 bats
  5 giant cockroaches
  3 goblins
  3 hobgoblins
  7 jackals
  A ball python (D:4)
  4 frilled lizards
  A giant cockroach zombie (D:4)
  4 kobolds
  7 rats
78 creatures vanquished.

Vanquished Creatures (collateral kills)
  Grinder (D:3)
  The ghost of Inarius the Covered, an amateur MiFi (D:3)
  A centaur (D:5)
  A bullfrog zombie (D:6)
  A hound (D:3)
  2 worker ants (D:5)
  3 hound zombies (D:4)
  3 worker ant zombies
  3 gnolls
  3 adders
  An adder skeleton (D:4)
  A worm (D:3)
  A goblin (D:2)
  A hobgoblin (D:3)
  A ball python (D:5)
  A leopard gecko skeleton (D:4)
  A quokka zombie (D:4)
  A rat (D:3)
27 creatures vanquished.

Vanquished Creatures (others)
  An orc warrior (D:5)
  A slave (D:5)
  A hound (D:5)
  A hound skeleton (D:5)
  An adder skeleton (D:5)
  3 orcs (D:5)
  A quokka (D:5)
9 creatures vanquished.

Grand Total: 114 creatures vanquished

Notes
Turn   | Place    | Note
-------+----------+-------------------------------------------
     0 | D:1      | greprep the Deep Elf Wizard began the quest for the Orb.
     0 | D:1      | Reached XP level 1. HP: 10/10 MP: 7/7
   301 | D:1      | Reached skill level 5 in Spellcasting
   305 | D:1      | Reached XP level 2. HP: 15/15 MP: 5/10
   309 | D:1      | Learned a level 2 spell: Blink
   999 | D:2      | Reached XP level 3. HP: 15/19 MP: 2/12
  1136 | D:2      | Learned a level 3 spell: Mephitic Cloud
  1519 | D:2      | Reached skill level 6 in Spellcasting
  1711 | D:1      | Reached XP level 4. HP: 13/24 MP: 7/14
  1843 | D:1      | Learned a level 2 spell: Call Imp
  2222 | D:3      | Noticed Grinder
  2228 | D:3      | Paralysed by Grinder for 2 turns
  2258 | D:3      | Paralysed by Grinder for 4 turns
  2292 | D:3      | Paralysed by Grinder for 5 turns
  2524 | D:3      | Paralysed by Grinder for 3 turns
  2620 | D:3      | Killed Grinder
  2620 | D:3      | Reached XP level 5. HP: 9/28 MP: 4/16
  2949 | D:3      | Noticed Inarius's ghost (amateur MiFi)
  2997 | D:3      | Killed Inarius's ghost
  2997 | D:3      | Reached skill level 7 in Spellcasting
  3891 | D:3      | Learned a level 3 spell: Conjure Flame
  3911 | D:3      | Reached XP level 6. HP: 2/32 MP: 6/18
  5022 | D:4      | Reached skill level 1 in Bows
  5192 | D:5      | Entered Level 5 of the Dungeon
  5266 | D:5      | Learned a level 2 spell: Repel Missiles
  5418 | D:5      | Reached XP level 7. HP: 30/37 MP: 17/20
  5580 | D:5      | Noticed Pikel
  5677 | D:5      | Killed Pikel
  5677 | D:5      | Reached skill level 1 in Fighting
  5677 | D:5      | Reached skill level 8 in Spellcasting
  5800 | D:5      | Noticed Edmund
  5869 | D:5      | Killed Edmund
  6316 | D:5      | Found a shattered altar of Ashenzari.
  6316 | D:5      | Found an ancient bone altar of Kikubaaqudgha.
  6320 | D:5      | Found a radiant altar of Vehumet.
  6339 | D:5      | Reached skill level 1 in Short Blades
  6339 | D:5      | Reached XP level 8. HP: 38/43 MP: 22/22
  6881 | D:6      | Found an iron altar of Okawaru.
  6881 | D:6      | Noticed an oklob plant
  7184 | D:6      | Killed from afar by an orc priest

Skill      XL: |  1  2  3  4  5  6  7  8 |
---------------+-------------------------+-----
Spellcasting   | 5 6 7 8 |  8.8
Dodging        | 3 4 |  4.0
Summonings     | 2 3 4 |  4.4
Conjurations   | 2 |  2.2
Bows           | 2 4 |  4.0
Fighting       | 1 |  1.2
Stealth        | 3 |  3.1
Short Blades   | 1 2 |  2.2
Charms         | |  0.8
Translocations | |  1.4
Air Magic      | |  0.6
Poison Magic   | |  0.4

Action                   |  1- 3 |  4- 6 |  7- 9 || total
-------------------------+-------+-------+-------++-------
Melee: Unarmed           |       |     9 |       ||     9
       Short sword       |       |     2 |    31 ||    33
 Fire: Shortbow          |       |    40 |    36 ||    76
 Cast: Magic Dart        |   104 |    51 |       ||   155
       Mephitic Cloud    |     1 |     4 |     6 ||    11
       Call Imp          |       |    56 |    34 ||    90
       Blink             |       |     3 |     7 ||    10
       Repel Missiles    |       |     2 |     1 ||     3
  Use: Scroll            |     5 |     3 |       ||     8
       Potion            |     2 |     1 |     4 ||     7
  Eat: Meat ration       |     1 |     1 |     1 ||     3
       Bread ration      |       |     1 |       ||     1
Armor: Robe              |    16 |    20 |    17 ||    53
Dodge: Dodged            |    38 |    82 |    59 ||   179
       Deflected         |       |     2 |     3 ||     5
